General information
- name: BNet
- type: Ladder team game (AT/RT)
- host: Battle.net
- saver: SawItInTheSky
map: FullScaleAssault
- players: 8
- length: 51:21
- speed: Fast
- version: 1.26 W3XP
- replay type: Public
» download(247 KB)
Players
team 1 (winner)

»
yoykiller (
pink | 32 APM | 686 actions | 21:29)
4 Death Knight
2 Death Coil
2 Unholy Aura
3 Lich
2 Frost Nova
1 Dark Ritual
» actions
| Basic commands | 59 | |
| Build / train | 62 | |
| Enter build submenu | 18 | |
| Enter hero's abilities submenu | 7 | |
| Give item / drop item | 1 | |
| Right click | 228 | |
| Select / deselect | 256 | |
| Use ability | 55 | |
686 total
» units
| Acolyte | 25 | |
| Ghoul | 4 | |
| Frost Wyrm | 5 | |
| Gargoyle | 2 | |
36 total
» upgrades
| Creature Attack | 3 | |
| Freezing Breath | 1 | |
| Ghoul Frenzy | 1 | |
| Creature Carapace | 2 | |
7 total
» buildings
| Crypt | 1 | |
| Ziggurat | 6 | |
| Altar of Darkness | 1 | |
| Halls of the Dead | 1 | |
| Graveyard | 1 | |
| Tomb of Relics | 1 | |
| Black Citadel | 1 | |
| Sacrificial Pit | 1 | |
| Boneyard | 2 | |
| Nerubian Tower | 1 | |
| Spirit Tower | 2 | |
18 total
» build order
00:13 Crypt
00:15 Ziggurat
00:54 Altar of Darkness
02:31 Halls of the Dead
02:46 Graveyard
02:51 Ziggurat
03:21 Ziggurat
04:25 Tomb of Relics
04:53 Black Citadel
04:56 Sacrificial Pit
06:51 Ziggurat
07:23 Boneyard
07:27 Boneyard
12:44 Ziggurat
12:46 Ziggurat
14:57 Nerubian Tower
18:17 Spirit Tower
18:36 Spirit Tower
» items
| Potion of Healing | 1 | |
| Rod of Necromancy | 1 | |
| Orb of Corruption | 1 | |
| Sacrificial Skull | 1 | |
| Scroll of Town Portal | 1 | |
5 total
twilightsparkel (
blue | 54 APM | 2777 actions | 51:21)
6 Blademaster
3 Wind Walk
2 Critical Strike
1 Bladestorm
4 Shadow Hunter
2 Hex
2 Healing Wave
2 Death Knight
1 Death Coil
1 Animate Dead
» actions
| Assign group hotkey | 51 | |
| Basic commands | 107 | |
| Build / train | 86 | |
| Enter build submenu | 38 | |
| Enter hero's abilities submenu | 12 | |
| Give item / drop item | 5 | |
| Right click | 1153 | |
| Select / deselect | 435 | |
| Select group hotkey | 725 | |
| Use ability | 165 | |
2777 total
» units
| Peon | 20 | |
| Grunt | 4 | |
| Raider | 10 | |
| Goblin Shredder | 2 | |
| Goblin Zeppelin | 2 | |
38 total
» upgrades
| Melee Weapons | 3 | |
| Ensnare | 1 | |
| Reinforced Defenses | 1 | |
| Armor | 4 | |
| Ranged Weapons | 2 | |
11 total
» buildings
| Altar of Storms | 2 | |
| Orc Burrow | 12 | |
| Barracks | 1 | |
| Voodoo Lounge | 2 | |
| Stronghold | 3 | |
| War Mill | 2 | |
| Beastiary | 10 | |
| Fortress | 3 | |
| Great Hall | 4 | |
| Watch Tower | 35 | |
74 total
» build order
00:08 Altar of Storms
00:19 Orc Burrow
00:37 Barracks
01:20 Orc Burrow
01:56 Voodoo Lounge
02:55 Stronghold
03:35 Orc Burrow
04:30 War Mill
05:21 Beastiary
05:23 Beastiary
06:11 Orc Burrow
07:38 Fortress
08:53 Great Hall
08:55 Watch Tower
08:56 Watch Tower
09:32 Watch Tower
09:32 Watch Tower
09:33 Watch Tower
09:56 Watch Tower
09:56 Watch Tower
11:24 Orc Burrow
12:05 Beastiary
12:06 Beastiary
13:45 Great Hall
13:49 Watch Tower
13:49 Watch Tower
13:50 Watch Tower
16:32 Stronghold
16:59 Orc Burrow
16:59 Orc Burrow
17:00 Orc Burrow
18:08 Orc Burrow
18:16 Orc Burrow
18:16 Orc Burrow
18:55 Beastiary
19:00 Beastiary
19:55 Great Hall
20:14 War Mill
20:19 Beastiary
20:20 Beastiary
20:21 Beastiary
21:13 Altar of Storms
21:43 Watch Tower
21:43 Watch Tower
21:44 Watch Tower
21:45 Watch Tower
21:46 Watch Tower
21:55 Watch Tower
21:56 Watch Tower
22:19 Beastiary
22:22 Fortress
23:27 Watch Tower
23:28 Watch Tower
23:29 Watch Tower
23:32 Watch Tower
23:33 Watch Tower
23:34 Watch Tower
23:35 Watch Tower
23:36 Watch Tower
24:12 Watch Tower
24:12 Watch Tower
28:25 Watch Tower
28:25 Watch Tower
34:48 Voodoo Lounge
45:41 Great Hall
» items
| Healing Salve | 3 | |
| Staff of Teleportation | 2 | |
| Orb of Lightning | 1 | |
| Tiny Great Hall | 1 | |
| Potion of Lesser Invulnerability | 2 | |
| Scroll of Town Portal | 2 | |
| Scroll of Healing | 4 | |
| Periapt of Vitality | 1 | |
16 total
DarkCloud (
orange | 33 APM | 1671 actions | 51:21)
6 Blademaster
2 Wind Walk
3 Critical Strike
1 Bladestorm
1 Far Seer
1 Feral Spirit
» actions
| Basic commands | 10 | |
| Build / train | 95 | |
| Enter build submenu | 18 | |
| Enter hero's abilities submenu | 8 | |
| Give item / drop item | 3 | |
| Remove unit from queue | 1 | |
| Right click | 973 | |
| Select / deselect | 524 | |
| Use ability | 39 | |
1671 total
» units
| Peon | 7 | |
| Grunt | 9 | |
| Troll Headhunter/Berserker | 28 | |
| Wind Rider | 26 | |
70 total
» upgrades
| Armor | 3 | |
| Ranged Weapons | 3 | |
| Berserker Upgrade | 1 | |
| Envenomed Spears | 1 | |
8 total
» buildings
| Altar of Storms | 1 | |
| Orc Burrow | 6 | |
| Barracks | 2 | |
| War Mill | 1 | |
| Stronghold | 1 | |
| Fortress | 3 | |
| Voodoo Lounge | 1 | |
| Beastiary | 2 | |
17 total
» build order
00:13 Altar of Storms
00:16 Orc Burrow
01:22 Barracks
01:36 Orc Burrow
04:35 War Mill
05:13 Orc Burrow
07:27 Orc Burrow
07:43 Stronghold
10:45 Fortress
10:46 Fortress
10:46 Fortress
15:08 Barracks
17:46 Voodoo Lounge
21:37 Beastiary
21:40 Beastiary
21:47 Orc Burrow
27:41 Orc Burrow
» items
| Orb of Lightning | 2 | |
| Orb of Corruption | 1 | |
3 total
ewinew (
yellow | 18 APM | 906 actions | 51:21)
4 Blademaster
2 Wind Walk
2 Critical Strike
1 Shadow Hunter
1 Healing Wave
» actions
| Build / train | 51 | |
| Enter build submenu | 32 | |
| Enter hero's abilities submenu | 5 | |
| Give item / drop item | 3 | |
| Remove unit from queue | 4 | |
| Right click | 355 | |
| Select / deselect | 402 | |
| Use ability | 54 | |
906 total
» units
| Peon | 16 | |
| Wind Rider | 10 | |
| Troll Batrider | 2 | |
28 total
» upgrades
| Spiked Barricades | 0 | |
| Ranged Weapons | 2 | |
| Armor | 2 | |
| Envenomed Spears | 1 | |
5 total
» buildings
| Altar of Storms | 1 | |
| Orc Burrow | 5 | |
| War Mill | 2 | |
| Stronghold | 1 | |
| Voodoo Lounge | 1 | |
| Beastiary | 3 | |
| Fortress | 1 | |
| Watch Tower | 9 | |
23 total
» build order
00:42 Altar of Storms
01:00 Orc Burrow
01:39 War Mill
02:08 Stronghold
03:27 Voodoo Lounge
04:31 Beastiary
04:39 Orc Burrow
04:57 Beastiary
05:28 Fortress
05:35 Orc Burrow
06:17 Beastiary
11:33 Orc Burrow
13:46 Orc Burrow
16:33 Watch Tower
17:05 Watch Tower
20:43 Watch Tower
20:45 Watch Tower
21:27 Watch Tower
21:31 Watch Tower
22:01 Watch Tower
22:11 Watch Tower
22:17 Watch Tower
23:16 War Mill
» items
| Potion of Healing | 3 | |
| Potion of Mana | 2 | |
| Orb of Lightning | 1 | |
| Scroll of Town Portal | 1 | |
7 total
team 2 (loser)
gaybotgaylord (
teal | 35 APM | 387 actions | 10:56)
3 Blademaster
1 Wind Walk
2 Critical Strike
» actions
| Assign group hotkey | 7 | |
| Basic commands | 8 | |
| Build / train | 36 | |
| Enter build submenu | 19 | |
| Enter hero's abilities submenu | 3 | |
| Right click | 110 | |
| Select / deselect | 109 | |
| Select group hotkey | 67 | |
| Use ability | 28 | |
387 total
» units
| Peon | 15 | |
| Troll Headhunter/Berserker | 6 | |
21 total
» upgrades
| Ranged Weapons | 2 | |
| Armor | 2 | |
| Troll Regeneration | 1 | |
| Berserker Upgrade | 1 | |
6 total
» buildings
| Altar of Storms | 1 | |
| Orc Burrow | 3 | |
| Barracks | 1 | |
| Voodoo Lounge | 1 | |
| War Mill | 1 | |
| Stronghold | 1 | |
| Watch Tower | 5 | |
| Fortress | 1 | |
| Great Hall | 1 | |
| Spirit Lodge | 2 | |
17 total
» build order
00:19 Altar of Storms
00:33 Orc Burrow
01:07 Barracks
01:32 Orc Burrow
01:45 Voodoo Lounge
02:08 War Mill
02:42 Orc Burrow
03:52 Stronghold
05:32 Watch Tower
05:36 Watch Tower
06:52 Watch Tower
06:57 Watch Tower
07:00 Fortress
07:30 Great Hall
08:38 Watch Tower
08:52 Spirit Lodge
08:59 Spirit Lodge
» items
| Lesser Clarity Potion | 1 | |
| Healing Salve | 2 | |
3 total
SawItInTheSky (
red | 66 APM | 3409 actions | 51:21)
10 Blood Mage
3 Flame Strike
3 Siphon Mana
1 Summon Phoenix
3 Banish
» actions
| Assign group hotkey | 94 | |
| Basic commands | 303 | |
| Build / train | 111 | |
| Enter build submenu | 72 | |
| Enter hero's abilities submenu | 10 | |
| Give item / drop item | 10 | |
| Remove unit from queue | 4 | |
| Right click | 1116 | |
| Select / deselect | 632 | |
| Select group hotkey | 806 | |
| Use ability | 250 | |
3409 total
» units
| Peasant | 15 | |
| Footman | 16 | |
| Sorceress | 2 | |
| Goblin Shredder | 1 | |
| Dragonhawk Rider | 5 | |
| Acolyte | -1 | |
| Gryphon Rider | 3 | |
| Blue Dragon | 1 | |
| Goblin Zeppelin | 1 | |
43 total
» upgrades
| Lumber Harvesting | 2 | |
| Sorceress Training | 1 | |
| Magic Sentry | 1 | |
| Reinforced Defenses | 1 | |
| Swords | 3 | |
| Armor | 3 | |
| Masonry | 3 | |
| Animal War Training | 1 | |
| Cloud | 1 | |
| Storm Hammers | 1 | |
17 total
» buildings
| Altar of Kings | 1 | |
| Barracks | 1 | |
| Farm | 10 | |
| Scout Tower | 30 | |
| Arcane Tower | 1 | |
| Keep | 1 | |
| Town Hall | 4 | |
| Arcane Vault | 1 | |
| Lumber Mill | 2 | |
| Arcane Sanctum | 2 | |
| Guard Tower | 6 | |
| Watch Tower | 3 | |
| Blacksmith | 1 | |
| Gryphon Aviary | 12 | |
| Beastiary | 4 | |
| Castle | 1 | |
80 total
» build order
00:37 Altar of Kings
00:38 Barracks
00:54 Farm
01:05 Farm
01:19 Farm
01:34 Scout Tower
02:08 Farm
02:14 Arcane Tower
03:40 Keep
03:58 Town Hall
04:07 Arcane Vault
05:13 Lumber Mill
06:37 Arcane Sanctum
06:38 Arcane Sanctum
06:43 Scout Tower
06:44 Scout Tower
06:45 Scout Tower
06:46 Scout Tower
06:47 Scout Tower
06:47 Scout Tower
07:52 Guard Tower
08:59 Guard Tower
09:23 Scout Tower
09:24 Scout Tower
09:24 Scout Tower
09:24 Scout Tower
09:26 Scout Tower
09:29 Scout Tower
10:08 Farm
11:25 Lumber Mill
11:42 Watch Tower
11:42 Watch Tower
11:42 Watch Tower
12:03 Blacksmith
12:05 Gryphon Aviary
12:05 Gryphon Aviary
12:06 Gryphon Aviary
12:06 Gryphon Aviary
12:08 Gryphon Aviary
12:21 Gryphon Aviary
12:22 Gryphon Aviary
12:22 Gryphon Aviary
12:23 Gryphon Aviary
12:26 Gryphon Aviary
13:11 Farm
13:13 Farm
13:14 Farm
13:17 Guard Tower
17:24 Beastiary
17:25 Beastiary
17:26 Beastiary
17:27 Beastiary
19:43 Castle
24:37 Gryphon Aviary
24:38 Gryphon Aviary
26:50 Town Hall
27:38 Scout Tower
27:39 Scout Tower
27:40 Scout Tower
27:40 Scout Tower
27:44 Scout Tower
27:48 Scout Tower
27:49 Scout Tower
28:23 Guard Tower
28:34 Scout Tower
28:35 Scout Tower
28:35 Scout Tower
28:36 Scout Tower
28:41 Scout Tower
28:42 Scout Tower
28:42 Scout Tower
28:44 Scout Tower
28:45 Scout Tower
30:00 Guard Tower
31:15 Town Hall
33:11 Town Hall
34:47 Guard Tower
36:43 Farm
40:29 Farm
» items
| Boots of Speed | 2 | |
| Staff of Teleportation | 1 | |
| Periapt of Vitality | 1 | |
| Scroll of Regeneration | 4 | |
| Lesser Clarity Potion | 2 | |
| Potion of Mana | 2 | |
| Potion of Invisibility | 1 | |
| Potion of Healing | 3 | |
| Scroll of Town Portal | 10 | |
| Potion of Lesser Invulnerability | 1 | |
27 total

»
U-Swallow (
green | 97 APM | 1030 actions | 10:38)
3 Pit Lord
2 Rain of Fire
1 Cleaving Attack
» actions
| Assign group hotkey | 183 | |
| Basic commands | 24 | |
| Build / train | 41 | |
| Enter build submenu | 12 | |
| Enter hero's abilities submenu | 3 | |
| Give item / drop item | 3 | |
| Right click | 337 | |
| Select / deselect | 146 | |
| Select group hotkey | 222 | |
| Use ability | 59 | |
1030 total
» units
| Acolyte | 7 | |
| Ghoul | 5 | |
| Crypt Fiend | 3 | |
| Necromancer | 4 | |
| Obsidian Statue | 1 | |
| Meatwagon | 4 | |
24 total
» upgrades
» buildings
| Ziggurat | 7 | |
| Crypt | 1 | |
| Altar of Darkness | 1 | |
| Graveyard | 1 | |
| Tomb of Relics | 1 | |
| Nerubian Tower | 1 | |
| Spirit Tower | 2 | |
| Halls of the Dead | 1 | |
| Temple of the Damned | 1 | |
| Slaughterhouse | 1 | |
| Black Citadel | 1 | |
18 total
» build order
00:09 Ziggurat
00:10 Ziggurat
00:41 Crypt
01:08 Altar of Darkness
01:35 Graveyard
01:45 Tomb of Relics
02:08 Nerubian Tower
03:41 Spirit Tower
04:32 Halls of the Dead
06:57 Temple of the Damned
06:58 Slaughterhouse
07:06 Ziggurat
07:06 Ziggurat
08:19 Ziggurat
08:21 Ziggurat
08:22 Ziggurat
09:39 Black Citadel
10:12 Spirit Tower
» items
| Scroll of Regeneration | 1 | |
| Lesser Clarity Potion | 1 | |
| Rod of Necromancy | 2 | |
| Dust of Appearance | 1 | |
| Circlet of Nobility | 1 | |
| Potion of Healing | 1 | |
7 total
simmsp (
purple | 39 APM | 1979 actions | 50:29)
6 Archmage
2 Summon Water Elemental
2 Brilliance Aura
1 Blizzard
1 Mass Teleport
4 Pit Lord
1 Howl of Terror
2 Cleaving Attack
1 Doom
1 Shadow Hunter
1 Serpent Ward
1 Blademaster
1 Mirror Image
2 Blood Mage
1 Flame Strike
1 Siphon Mana
» actions
| Basic commands | 29 | |
| Build / train | 181 | |
| Enter build submenu | 40 | |
| Enter hero's abilities submenu | 14 | |
| Give item / drop item | 1 | |
| Remove unit from queue | 2 | |
| Right click | 854 | |
| Select / deselect | 742 | |
| Use ability | 115 | |
1979 total
» units
| Peasant | 8 | |
| Footman | 9 | |
| Siege Engine | 14 | |
| Grunt | 7 | |
| Shaman | 7 | |
| Troll Witch Doctor | 6 | |
| Knight | 4 | |
| Acolyte | 2 | |
| Demolisher | 1 | |
| Troll Headhunter/Berserker | 4 | |
| Mortar Team | 1 | |
| Ghoul | 1 | |
| Crypt Fiend | 6 | |
| Priest | 4 | |
| Rifleman | 1 | |
| Spirit Walker | 1 | |
| Peon | 1 | |
| Raider | 5 | |
| Kodo Beast | 2 | |
| Wind Rider | 4 | |
| Spell Breaker | 1 | |
| Sorceress | 1 | |
| Flying Machine | 2 | |
| Troll Batrider | 1 | |
93 total
» upgrades
| Plating | 3 | |
| Masonry | 3 | |
| Swords | 2 | |
| Defend | 1 | |
| Lumber Harvesting | 2 | |
| Gunpowder | 3 | |
| Barrage | 1 | |
| Melee Weapons | 3 | |
| Shaman Training | 2 | |
| Witch Doctor Training | 2 | |
| Animal War Training | 1 | |
| Unholy Strength | 1 | |
| Unholy Armor | 1 | |
| Creature Attack | 1 | |
| Creature Carapace | 1 | |
| Fragmentation Shards | 1 | |
| Magic Sentry | 1 | |
| Priest Training | 2 | |
| Cannibalize | 1 | |
| Sorceress Training | 2 | |
| Control Magic | 1 | |
| Spirit Walker Training | 2 | |
| Berserker Strength | 1 | |
| Pillage | 1 | |
| Ensnare | 1 | |
| Envenomed Spears | 1 | |
| War Drums Damage Increase | 1 | |
| Armor | 1 | |
| Ranged Weapons | 1 | |
| Spiked Barricades | 1 | |
| Flare | 1 | |
| Flak Cannons | 1 | |
| Flying Machine Bombs | 1 | |
48 total
» buildings
| Farm | 10 | |
| Altar of Kings | 1 | |
| Barracks | 1 | |
| Scout Tower | 4 | |
| Arcane Vault | 1 | |
| Lumber Mill | 1 | |
| Arcane Tower | 1 | |
| Blacksmith | 1 | |
| Keep | 1 | |
| Guard Tower | 3 | |
| Workshop | 3 | |
| Castle | 5 | |
| Ziggurat | 3 | |
| Nerubian Tower | 1 | |
| Graveyard | 1 | |
| Crypt | 1 | |
| Spirit Tower | 3 | |
| Necropolis | 1 | |
| Altar of Darkness | 1 | |
| Arcane Sanctum | 1 | |
| Halls of the Dead | 1 | |
| Orc Burrow | 3 | |
| Gryphon Aviary | 2 | |
| Town Hall | 1 | |
51 total
» build order
00:10 Farm
00:16 Altar of Kings
01:24 Farm
01:29 Barracks
01:32 Scout Tower
01:48 Arcane Vault
01:55 Farm
02:32 Lumber Mill
02:34 Arcane Tower
03:02 Blacksmith
03:49 Farm
04:14 Scout Tower
04:15 Keep
05:04 Guard Tower
05:14 Farm
05:17 Scout Tower
07:07 Guard Tower
07:11 Workshop
07:15 Workshop
07:24 Workshop
08:34 Castle
08:35 Castle
08:35 Castle
08:39 Farm
09:49 Farm
11:28 Ziggurat
11:29 Nerubian Tower
11:34 Graveyard
11:39 Ziggurat
12:16 Farm
12:54 Crypt
13:06 Spirit Tower
13:43 Ziggurat
13:45 Spirit Tower
14:39 Necropolis
17:10 Spirit Tower
17:13 Altar of Darkness
18:01 Arcane Sanctum
18:03 Scout Tower
20:01 Guard Tower
20:13 Halls of the Dead
21:53 Orc Burrow
22:31 Orc Burrow
22:37 Farm
25:05 Farm
27:01 Gryphon Aviary
27:04 Gryphon Aviary
27:15 Town Hall
28:05 Orc Burrow
» items
| Scroll of Regeneration | 2 | |
| Mechanical Critter | 2 | |
| Potion of Healing | 1 | |
| Scroll of Town Portal | 1 | |
6 total
Chat log
(00:12 / Allies) gaybotgaylord: rush and we win
(00:18 / Allies) U-Swallow: im goin nec and we won
(00:24 / Allies) gaybotgaylord: nope
(00:26 / Allies) U-Swallow: they never get dispel for orcs
(01:43 / Allies) SawItInTheSky: 20 lumber
(02:02 / Allies) SawItInTheSky: ty bro
(02:14 / Allies) simmsp: get your own damned lumbar bitch
(02:44 / All) twilightsparkel: what did you see in the sky?
(02:50 / All) simmsp: your asss
(03:05 / All) SawItInTheSky: I saw the sign
(03:11 / All) SawItInTheSky: It opened up my eyes I saw the sign
(03:15 / All) DarkCloud: OF JESUS ? :O
(03:37 / All) U-Swallow: and here come the bms
(04:07 / All) DarkCloud: LOL not fair -_-
(04:26 / All) DarkCloud: you cant cheat :p
(04:37 / Allies) gaybotgaylord: look
(04:37 / All) U-Swallow: possible 4 orcs
(04:42 / All) U-Swallow: and u think we dont go towers
(04:46 / Allies) gaybotgaylord: rush and win I said
(04:53 / All) DarkCloud: well you were wrong
(04:56 / All) DarkCloud: were 5 orcs :D
(05:49 / Allies) gaybotgaylord: your necs will be great against air
(06:07 / Allies) U-Swallow: your heads will
(06:27 / Allies) gaybotgaylord: im just towering in and be the last to leave the losers
(06:35 / Allies) U-Swallow: dude we are fine
(06:37 / Allies) U-Swallow: fiends poppin
(06:46 / Allies) U-Swallow: light orc air sucks balls
(10:30 / All) U-Swallow: no idea what purepls doing
(10:35 / All) U-Swallow: the human who doesnt expo?
(10:42 / All) DarkCloud: LOL
(10:43 / All) DarkCloud: gg :D
(10:56 / All) SawItInTheSky: rage quit lol
(11:02 / All) DarkCloud: yup ;D
(11:09 / All) twilightsparkel: i kill one expo lawl
(11:29 / All) SawItInTheSky: must be rod
(11:48 / Allies) simmsp: hir
(11:50 / Allies) simmsp: hit
(11:50 / Allies) simmsp: blue
(11:52 / Allies) simmsp: hit blue
(11:53 / Allies) simmsp: go go gogogo
(12:32 / All) SawItInTheSky: this game is so retarded
(12:40 / All) SawItInTheSky: when you try to build multiple buildings with multiple peons
(15:04 / Allies) SawItInTheSky: NOT THAT BASE
(15:06 / Allies) SawItInTheSky: BASE BELOW
(15:08 / Allies) SawItInTheSky: DON'T
(15:10 / Allies) SawItInTheSky: HE IS GONNA BS
(15:12 / Allies) SawItInTheSky: HE IS GONNA BS
(15:13 / Allies) SawItInTheSky: STOP
(15:23 / Allies) SawItInTheSky: stop purple
(15:44 / Allies) SawItInTheSky: Dude
(15:47 / Allies) SawItInTheSky: what part of he is gonna bs
(15:47 / Allies) SawItInTheSky: for us
(15:50 / Allies) SawItInTheSky: don't you understand
(16:38 / Allies) SawItInTheSky: you probably just cost us the game purple
(16:43 / Allies) simmsp: y
(16:45 / Allies) simmsp: lost already
(16:51 / Allies) SawItInTheSky: no
(16:53 / Allies) SawItInTheSky: blue was gonna bs
(18:40 / All) twilightsparkel: im so tired of this god damn lag
(23:30 / All) SawItInTheSky: hero focusing retard
(23:46 / All) SawItInTheSky: you won now orange
(23:55 / All) DarkCloud: no
(24:38 / All) DarkCloud: idk
(24:41 / All) DarkCloud: how we lost
(24:43 / All) DarkCloud: noobs -_-
(24:45 / All) twilightsparkel: lawl
(24:46 / All) DarkCloud: and pink quit lmao
(26:38 / All) SawItInTheSky: I have a tp fag
(31:09 / Allies) simmsp: red
(31:11 / Allies) simmsp: you kidding me
(31:37 / Allies) SawItInTheSky: My expansion
(33:03 / Allies) simmsp: you fuckning kidding me
(33:05 / Allies) simmsp: whore?
(33:14 / All) SawItInTheSky: I wasn't kidding
(33:18 / All) SawItInTheSky: It's my expansion
(33:24 / All) DarkCloud: ??
(33:28 / All) simmsp: no it was mine you idiot
(33:30 / All) simmsp: He tk
(33:33 / All) DarkCloud: XD
(33:36 / All) SawItInTheSky: It's mine now
(33:37 / All) SawItInTheSky: I claimedi t
(33:39 / All) SawItInTheSky: with force
(33:41 / All) twilightsparkel: purple just leave u got raped
(33:58 / All) simmsp: Na
(34:01 / Allies) simmsp: i help you guys first
(35:00 / All) twilightsparkel: didnt know yellow was still here
(35:24 / All) SawItInTheSky: Purple probably has down syndrome
(35:31 / All) DarkCloud: yea he does :p;
(36:12 / All) DarkCloud: red
(36:17 / All) DarkCloud: ima get some capatults ;D
(36:24 / All) SawItInTheSky: that so?>
(36:34 / All) DarkCloud: yess ;D
(37:10 / All) DarkCloud: i love my bm's damage ;D
(37:21 / All) DarkCloud: WTF
(37:22 / All) SawItInTheSky: heh
(37:24 / All) DarkCloud: was that ?
(37:29 / All) twilightsparkel: what happened?
(37:31 / All) DarkCloud: he made me die ?
(37:41 / All) DarkCloud: blue u killed my hero ?
(37:42 / All) DarkCloud: :P
(37:48 / All) SawItInTheSky: I kill it
(37:50 / All) twilightsparkel: reed did?
(37:57 / All) DarkCloud: you tped to it
(38:07 / All) DarkCloud: so i coudlnt go invis lmao
(38:26 / All) DarkCloud: and ive just noticed u guys arent even killing eachother ...
(38:32 / All) twilightsparkel: that is odd
(38:34 / All) twilightsparkel: isn't it
(38:47 / All) twilightsparkel: must be a coincedence
(38:47 / All) DarkCloud: lol
(38:50 / All) SawItInTheSky: That's passing strange
(38:53 / All) DarkCloud: you guys are gay boys :p
(39:10 / All) DarkCloud: i figured it out :O
(39:16 / All) twilightsparkel: yes?
(39:35 / All) twilightsparkel: let me see
(39:56 / All) DarkCloud: XD
(40:01 / All) DarkCloud: do you guys know eachother ??
(40:03 / All) DarkCloud: or something
(40:11 / All) twilightsparkel: i don't believe we do
(41:06 / All) SawItInTheSky: guess you should have invested in bats
(41:12 / All) DarkCloud: XD
(41:23 / All) DarkCloud: guess i shhould of had a teamate who doesnt help the enemy
(41:36 / All) DarkCloud: blues got 20k gold
(41:39 / All) twilightsparkel: now now orange
(41:40 / All) DarkCloud: and 6k lumber lmao
(41:42 / All) twilightsparkel: don't go making rumors
(41:47 / All) SawItInTheSky: As to that, well, like your family, you can't choose your teammates
(41:49 / All) SawItInTheSky: Not on RT
(41:53 / All) SawItInTheSky: Hence the name
(41:55 / All) SawItInTheSky: Random Team
(42:18 / All) DarkCloud: Whos taking the win
(42:20 / All) DarkCloud: blue or red ??
(42:21 / All) DarkCloud: xD
(42:22 / All) twilightsparkel: standoff?
(42:27 / All) twilightsparkel: orange, i have a question
(42:32 / All) DarkCloud: sure thing ;D
(42:38 / All) twilightsparkel: will you be willing to leave your internet and computer on all day long?
(42:45 / All) DarkCloud: xD
(42:49 / All) DarkCloud: im not staying either wya
(42:49 / All) twilightsparkel: me and red will kill all our units, and leave one building on each side
(42:51 / All) DarkCloud: im quitting
(42:56 / All) DarkCloud: this is my lowbie it doesnt matter :p
(43:20 / All) SawItInTheSky: k
(43:24 / All) DarkCloud: xD
(43:38 / All) DarkCloud: anyways
(43:39 / All) DarkCloud: fun game
(43:40 / All) DarkCloud: pce :P
(43:45 / All) twilightsparkel: im in the mood for a good rpg
(43:53 / All) DarkCloud: XD
(43:57 / All) DarkCloud: play Tera online
(44:03 / All) twilightsparkel: offline rpg
(44:07 / All) DarkCloud: oh :p
(44:15 / All) DarkCloud: dragon age ?
(44:16 / All) DarkCloud: :P
(44:24 / All) twilightsparkel: not dragon age 2
(44:24 / All) DarkCloud: skyrim ?
(44:27 / All) twilightsparkel: piece of shit game
(44:32 / All) twilightsparkel: dragon age oirigns is tight
(44:37 / All) twilightsparkel: skyrim gets boring quick
(44:39 / All) twilightsparkel: horrible combat
(44:41 / All) twilightsparkel: horrible gameplay
(44:42 / All) DarkCloud: XD
(44:47 / All) DarkCloud: i love using the bow
(44:52 / All) DarkCloud: and just killing wild life :p
(44:54 / All) twilightsparkel: im doing that in aplaythrough now
(44:56 / All) twilightsparkel: way too easy
(45:01 / All) twilightsparkel: kiling wildlife gets boring tho
(45:03 / All) SawItInTheSky: blue doesn't have fps skills
(45:07 / All) DarkCloud: i know
(45:07 / All) twilightsparkel: if skyrim had diablo loot i would love it
(45:17 / All) DarkCloud: i want the new diablow
(45:23 / All) DarkCloud: diablo **
(45:25 / All) SawItInTheSky: Orange you gay?
(45:27 / All) DarkCloud: asoon as its out
(45:32 / All) DarkCloud: no im not ?
(45:34 / All) DarkCloud: xD
(45:38 / All) SawItInTheSky: Yes you are
(45:42 / All) SawItInTheSky: You want to play as a gay nigger
(45:43 / All) DarkCloud: hows that ?
(45:50 / All) SawItInTheSky: Tyrone the angel
(45:51 / All) DarkCloud: by playing diablo 3 ?
(45:55 / All) SawItInTheSky: yeah
(46:00 / All) DarkCloud: xD
(46:03 / All) DarkCloud: sky
(46:09 / All) DarkCloud: what fps do you paly ?
(46:13 / All) DarkCloud: play**
(46:17 / All) SawItInTheSky: Rune
(46:19 / All) twilightsparkel: gears of war 2
(46:38 / All) DarkCloud: for xbox i play black ops :p and thats all and for comp
(46:45 / All) DarkCloud: i use to play sf xD
(46:48 / All) DarkCloud: combat arms ect
(47:08 / All) DarkCloud: you ever play savage 2 >?
(47:19 / All) SawItInTheSky: I played the first savage
(47:30 / All) DarkCloud: its a fun game :;p
(47:41 / All) DarkCloud: i want the newest dota :p
(47:45 / All) DarkCloud: dota 2 :p
(48:06 / All) DarkCloud: guild wars 2 is fun also
(48:10 / All) DarkCloud: blue play that :P
(48:38 / All) twilightsparkel: fine
(48:39 / All) DarkCloud: but its not offline :P
(48:47 / All) twilightsparkel: orange stay in the game ok?
(48:49 / All) DarkCloud: they have a war against servers
(48:51 / All) twilightsparkel: i am counting on u
(48:53 / All) DarkCloud: xD
(48:59 / All) DarkCloud: counting on me for what :O
(49:07 / All) SawItInTheSky: to break the stand off record
(49:14 / All) DarkCloud: XD
(49:27 / All) twilightsparkel: me and red are your friends, oj
(49:28 / All) DarkCloud: im going to fall asleep :O
(49:50 / All) DarkCloud: reds not he killed me ;(
(50:29 / All) DarkCloud: he doesnt like me :(
(50:36 / All) DarkCloud: LOL
(50:36 / All) SawItInTheSky: Heh
(50:38 / All) DarkCloud: bout time he left
(50:48 / All) twilightsparkel: oh well,
(50:50 / All) SawItInTheSky: let's give purple the loss?
(51:03 / All) twilightsparkel: well u said yellow wanted the win so its up to u
(51:10 / All) SawItInTheSky: Yeah he would have stayed for stand off
(51:16 / All) SawItInTheSky: but it doesn't matter if he wins
(51:17 / All) twilightsparkel: but now?